 Dungeon Crawl Stone Soup version 0.30-a0-458-g86641cc369 (webtiles) character file.

Game seed: 18163886611312329317

6225 arthad the Magician (level 10, -10/76 HPs)
             Began as a Gnoll Fire Elementalist on Dec 15, 2022.
             Was a Believer of Sif Muna.
             Mangled by a death knight
             ... wielding a +3 glaive
              (28 damage)
             ... on level 9 of the Dungeon.
             The game lasted 00:35:43 (9257 turns).

arthad the Magician (Gnoll Fire Elementalist)       Turns: 9257, Time: 00:35:44

Health: -10/76     AC:  5    Str:  7    XL:     10   Next: 92%
Magic:  9/21       EV: 14    Int: 19    God:    Sif Muna [**....]
Gold:   376        SH: 10    Dex: 13    Spells: 11/24 levels left

rFire   + . .      SeeInvis .    i - +5 broad axe (freeze)
rCold   x . .      Faith    .    e - +0 buckler
rNeg    . . .      Spirit   .    C - +2 robe {Will+}
rPois   .          Reflect  +    (no helmet)
rElec   .          Harm     .    h - +0 cloak
rCorr   +          Rampage  .    (no gloves)
Will    +....                    (no boots)
Stlth   +++.......               b - amulet of reflection
HPRegen 0.32/turn                c - ring of fire
MPRegen 0.17/turn                n - ring of resist corrosion

@: no status effects
A: fangs 1, strong nose, distributed training
a: Renounce Religion, Channel Magic


You were on level 9 of the Dungeon.
You worshipped Sif Muna.
Sif Muna was pleased with you.
You visited 2 branches of the dungeon, and saw 10 of its levels.

You collected 376 gold pieces.

Inventory:

Hand Weapons
 i - a +5 broad axe of freezing (weapon)
 m - a +2 rapier of draining
 y - a +5 flail of flaming
Missiles
 s - 45 poisoned darts
 A - 2 atropa-tipped darts
Armour
 a - a +0 robe
 e - a +0 buckler (worn)
 h - a +0 cloak (worn)
 C - a +2 robe of willpower (worn)
Jewellery
 b - an amulet of reflection (around neck)
 c - a ring of fire (left hand)
 j - an amulet of faith
 n - a ring of resist corrosion (right hand)
 G - an amulet of magic regeneration
 H - a ring of poison resistance
Wands
 k - a wand of iceblast (10)
 q - a wand of flame (27)
 v - a wand of mindburst (17)
 B - a wand of charming (9)
 E - a wand of polymorph (12)
Scrolls
 f - 3 scrolls of teleportation
 g - 3 scrolls of identify
 o - a scroll of noise {unknown}
 r - a scroll of vulnerability {unknown}
 t - a scroll of immolation {unknown}
 w - 3 scrolls of magic mapping {unknown}
 D - a scroll of amnesia {unknown}
 I - a scroll of brand weapon
Potions
 d - a potion of degeneration
 l - a potion of curing
 p - 3 potions of haste
 u - 2 potions of resistance
 x - 3 potions of brilliance
 z - a potion of attraction
 F - a potion of ambrosia


   Skills:
 + Level 5.9 Fighting
 + Level 5.9 Short Blades
 + Level 5.9 Long Blades
 + Level 5.9 Axes
 + Level 5.9 Maces & Flails
 + Level 5.9 Polearms
 + Level 5.9 Staves
 + Level 5.9 Ranged Weapons
 + Level 5.9 Throwing
 + Level 5.9 Armour
 + Level 7.6 Dodging
 + Level 7.3 Stealth
 + Level 5.9 Shields
 + Level 5.9 Unarmed Combat
 + Level 7.9 Spellcasting
 + Level 5.4 Conjurations
 + Level 4.9 Hexes
 + Level 4.9 Summonings
 + Level 4.9 Necromancy
 + Level 4.9 Translocations
 + Level 4.9 Transmutations
 + Level 7.4 Fire Magic
 + Level 4.9 Ice Magic
 + Level 4.9 Air Magic
 + Level 4.9 Earth Magic
 + Level 4.9 Poison Magic
 + Level 6.5 Invocations
 + Level 5.9 Evocations


You had 11 spell levels left.
You knew the following spells:

 Your Spells              Type           Power      Damage    Failure   Level
a - Foxfire               Conj/Fire      100%       2x1d9     1%          1
b - Scorch                Fire           100%       2d10      1%          2
c - Inner Flame           Hex/Fire       46%        N/A       2%          3
d - Kindle Blastsparks    Fire/Tloc/Air  88%        2d17      3%          3
e - Flame Wave            Conj/Fire      48%        2d12      9%          4

Your spell library contained the following spells:

 Spells                   Type           Power      Damage    Failure   Level
 Sting                    Tmut/Pois      100%       1d8       1%          1
 Poisonous Vapours        Pois/Air       52%        N/A       2%          2
 Summon Guardian Golem    Hex/Summ       26%        N/A       4%          3
 Airstrike                Air            13%        2d(2-18)  16%         4
 Cause Fear               Hex            13%        N/A       16%         4
 Olgreb's Toxic Radiance  Pois           26%        N/A       16%         4
 Summon Lightning Spire   Summ/Air       26%        N/A       16%         4
 Lightning Bolt           Conj/Air       13%        1d27      36%         5
 Summon Forest            Summ/Tloc      13%        N/A       38%         5
 Eringya's Noxious Bog    Tmut/Pois      13%        N/A       93%         6
 Orb of Destruction       Conj           14%        9d7       100%        7
 Spellforged Servitor     Conj/Summ      13%        N/A       100%        7
 Summon Hydra             Summ           13%        N/A       100%        7
 Discord                  Hex            13%        N/A       100%        8


Dungeon Overview and Level Annotations

Branches:
Dungeon (9/15)             Temple (1/1) D:7
   Lair: D:8-11         Orc: D:9-12

Altars:
Ashenzari
Cheibriados
Dithmenos
Elyvilon
Fedhas
Gozag
Hepliaklqana
Kikubaaqudgha
Makhleb
Nemelex Xobeh
Okawaru
Qazlal
Ru
Sif Muna
Trog
Uskayaw
Vehumet
Wu Jian
Xom
Yredelemnul
Zin
The Shining One

Annotations:
D:4 1 transporter, thurberlil's ghost, amateur HuSu
Temple 2 transporters


Innate Abilities, Weirdness & Mutations

You have very sharp teeth.
Your uncanny sense of smell can sniff out nearby items.
Your experience applies equally to all skills.


Message History

The foxfire hits the death knight.
The death knight is moderately wounded.
The death knight reflects your damage back at you!
You block the death knight's attack.
The foxfire hits the death knight but does no damage.
The death knight is moderately wounded.
Unknown command.
Casting: Scorch (safe; 1% risk of failure)
Confirm with . or Enter, or press ? or * to list all spells.
You feel a surge of power!
Flames lash the death knight.
The death knight is moderately wounded.
The death knight's fire resistance burns away.
The death knight reflects your damage back at you!
You block the death knight's attack.
Casting: Foxfire (safe; 1% risk of failure)
Press: ? - help, Q - select action, (/) - cycle Dir - look around, f - activate You feel a surge of power!
You conjure some foxfire!
The death knight hits you from afar with a +3 glaive!!
* * * LOW HITPOINT WARNING * * *
Unknown command.
Unknown command.
Casting: Foxfire (safe; 1% risk of failure)
Confirm with . or Enter, or press ? or * to list all spells.
Okay, then.
Unknown command.
Unknown command.
Aiming: Mindburst
Press: ? - help, Shift-Dir - straight line
Okay, then.
Aiming: Mindburst
Press: ? - help, Shift-Dir - straight line, f - death knight
Aim: a death knight, wielding a +3 glaive and wearing a +0 chain mail (moderately wounded, reflecting injuries, more vulnerable to fire, ally target, chance to affect: 35%)
Your foxfire is unaffected.
The foxfire hits the death knight.
The death knight is moderately wounded.
The death knight reflects your damage back at you!
The foxfire hits the death knight but does no damage.
The death knight is moderately wounded.
The death knight hits you from afar with a +3 glaive!!
You die...

..........
..........
.......
...... . #
#...# .. .
##...##... .
#......... .
#.§....... .
. #§@.......
. ..
##'#######
##'## .p.
..... .....
.....
.......
.....
.........
#####
#..........
.....#######


You could see a death knight (reflects damage, combustible).

Vanquished Creatures
  Pikel (D:7)
  A freezing wraith (D:9)
  A troll (D:9)
  Prince Ribbit (D:5)
  Grinder (D:6)
  A shadow (D:9)
  A wyvern (D:7)
  5 yaks
  3 water moccasins
  An ice beast (D:6)
  3 black bears
  A sky beast (D:7)
  2 ogres
  2 centaurs
  2 lemures (D:7)
  A phantom (D:5)
  3 kobold brigands
  2 necrophages
  9 bullfrogs
  2 scorpions
  8 wights
  A troll zombie (D:9)
  5 howler monkeys
  4 jellies
  A gnoll bouda (D:7)
  3 orc priests
  2 hounds (D:5)
  7 iguanas
  Terence (D:2)
  Natasha (thrice) (D:3)
  4 orc wizards
  3 ogre zombies (D:9)
  4 adders
  9 gnolls
  A shadow imp (D:7)
  2 white imps
  3 ufetubi
  2 worms
  A dart slug (D:4)
  34 orcs
  5 ball pythons
  10 endoplasms
  7 giant cockroaches
  12 hobgoblins
  4 quokkas
  7 bats
  4 frilled lizards
  15 goblins
  A goblin skeleton (D:9)
  2 goblin zombies (D:9)
  A hobgoblin skeleton (D:9)
  A hobgoblin zombie (D:9)
  29 kobolds
  2 orc skeletons (D:9)
  9 orc zombies (D:9)
  3 rats
253 creatures vanquished.

Vanquished Creatures (collateral kills)
  5 foxfires (D:9)
5 creatures vanquished.

Vanquished Creatures (others)
  A bush (D:4)
  754 foxfires
  16 plants
  4 toadstools (D:1)
775 creatures vanquished.

Grand Total: 1033 creatures vanquished

Notes
Turn   | Place    | Note
-------+----------+-------------------------------------------
     0 | D:1      | arthad the Gnoll Fire Elementalist began the quest for the
                  | Orb.
     0 | D:1      | Reached XP level 1. HP: 13/13 MP: 6/6
   154 | D:1      | Reached XP level 2. HP: 16/19 MP: 5/7
   448 | D:1      | Reached skill level 5 in Spellcasting
   448 | D:1      | Reached XP level 3. HP: 25/25 MP: 5/9
   762 | D:1      | Reached skill level 1 in Invocations
  1591 | D:2      | Reached skill level 1 in Fighting
  1591 | D:2      | Reached skill level 1 in Short Blades
  1591 | D:2      | Reached skill level 1 in Long Blades
  1591 | D:2      | Reached skill level 1 in Axes
  1591 | D:2      | Reached skill level 1 in Maces & Flails
  1591 | D:2      | Reached skill level 1 in Polearms
  1591 | D:2      | Reached skill level 1 in Staves
  1591 | D:2      | Reached skill level 1 in Ranged Weapons
  1591 | D:2      | Reached skill level 1 in Throwing
  1591 | D:2      | Reached skill level 1 in Armour
  1591 | D:2      | Reached skill level 1 in Shields
  1591 | D:2      | Reached skill level 1 in Unarmed Combat
  1591 | D:2      | Reached skill level 1 in Evocations
  1622 | D:2      | Learned a level 2 spell: Scorch
  1626 | D:2      | Learned a level 3 spell: Inner Flame
  1630 | D:2      | Learned a level 3 spell: Kindle Blastsparks
  1841 | D:2      | Noticed Terence
  1852 | D:2      | Killed Terence
  1853 | D:2      | Reached skill level 1 in Hexes
  1853 | D:2      | Reached skill level 1 in Summonings
  1853 | D:2      | Reached skill level 1 in Necromancy
  1853 | D:2      | Reached skill level 1 in Translocations
  1853 | D:2      | Reached skill level 1 in Transmutations
  1853 | D:2      | Reached skill level 1 in Ice Magic
  1853 | D:2      | Reached skill level 1 in Air Magic
  1853 | D:2      | Reached skill level 1 in Earth Magic
  1853 | D:2      | Reached skill level 1 in Poison Magic
  1853 | D:2      | Reached XP level 4. HP: 6/32 MP: 8/11
  2210 | D:3      | Noticed Natasha
  2215 | D:3      | Killed Natasha
  2387 | D:3      | Reached XP level 5. HP: 37/37 MP: 9/12
  2435 | D:3      | Noticed Natasha
  2452 | D:3      | Killed Natasha
  2491 | D:3      | Learned a level 4 spell: Flame Wave
  2759 | D:3      | Noticed Natasha
  2764 | D:3      | Killed Natasha
  2950 | D:4      | Reached XP level 6. HP: 44/44 MP: 11/13
  3057 | D:4      | Reached skill level 5 in Dodging
  3134 | D:4      | Noticed thurberlil's ghost (amateur HuSu)
  3135 | D:4      | Found a transporter.
  3135 | D:4      | Identified the +9 dire flail "Oruff" {vorpal, +Blink Str+4}
  3257 | D:4      | Found a blossoming altar of Fedhas.
  3681 | D:5      | Entered Level 5 of the Dungeon
  3836 | D:5      | Reached XP level 7. HP: 51/51 MP: 10/15
  3924 | D:5      | Reached skill level 5 in Stealth
  4016 | D:5      | Noticed Prince Ribbit
  4024 | D:5      | Killed Prince Ribbit
  4045 | D:5      | Reached XP level 8. HP: 58/58 MP: 5/16
  4597 | D:5      | Found an ancient bone altar of Kikubaaqudgha.
  5110 | D:6      | Reached XP level 9. HP: 36/65 MP: 3/18
  5345 | D:6      | Noticed Grinder
  5353 | D:6      | Paralysed by Grinder for 5 turns
  5362 | D:6      | Killed Grinder
  6139 | D:6      | Reached skill level 5 in Invocations
  6331 | D:7      | Found a staircase to the Ecumenical Temple.
  6335 | Temple   | Entered the Ecumenical Temple
  6335 | Temple   | Found a transporter.
  6335 | Temple   | Found a transporter.
  6337 | Temple   | Found a transporter.
  6337 | Temple   | Found a transporter.
  6366 | Temple   | Became a worshipper of Sif Muna the Loreminder
  6638 | D:7      | Noticed Pikel
  6644 | D:7      | Killed Pikel
  6761 | D:7      | Reached skill level 5 in Fighting
  6761 | D:7      | Reached skill level 5 in Short Blades
  6761 | D:7      | Reached skill level 5 in Long Blades
  6761 | D:7      | Reached skill level 5 in Axes
  6761 | D:7      | Reached skill level 5 in Maces & Flails
  6761 | D:7      | Reached skill level 5 in Polearms
  6761 | D:7      | Reached skill level 5 in Staves
  6761 | D:7      | Reached skill level 5 in Ranged Weapons
  6761 | D:7      | Reached skill level 5 in Throwing
  6761 | D:7      | Reached skill level 5 in Armour
  6761 | D:7      | Reached skill level 5 in Shields
  6761 | D:7      | Reached skill level 5 in Unarmed Combat
  6761 | D:7      | Reached skill level 5 in Evocations
  6761 | D:7      | Reached XP level 10. HP: 54/74 MP: 8/20
  7250 | D:7      | Found an ornate altar of the Wu Jian Council.
  7771 | D:8      | Reached * piety under Sif Muna
  7772 | D:8      | Reached skill level 5 in Conjurations
  7925 | D:8      | Found an iron altar of Okawaru.
  7996 | D:8      | Found an opulent altar of Gozag.
  8486 | D:9      | Reached ** piety under Sif Muna
  9056 | D:9      | Noticed a boulder beetle
  9066 | D:9      | HP: 1/76 [boulder beetle (22)]
  9071 | D:9      | Noticed a gargoyle
  9076 | D:9      | Noticed a death knight
  9257 | D:9      | Mangled by a death knight

Illustrated notes

Levels and vault maps discovered:
D:1:      ldierk_water_garden, layout_loops_cross
D:2:      layout_loops_corners, uniq_terence
D:3:      layout_rooms, uniq_natasha
D:4:      layout_cave_pools, fedhas_altar_decomposition, gammafunk_ghost_smash
D:5:      layout_loops_ring, nicolae_overflow_hidden_temple, uniq_prince_ribbit1
D:6:      layout_loops_ring, supply_closet_lemuel, grunt_ministairs_6,
          minmay_ogre_servants, uniq_grinder
D:7:      layout_loops_ring, nicolae_wu_jian_glorious_leap,
          minmay_temple_entry_proselytizer, st_stairs_4, uniq_pikel
D:8:      layout_basic, okawaru_ov_weapons_minmay, mainiacjoe_overflow_catwalk,
          minmay_holes
D:9:      corexii_shack_village, layout_gridville, zombieorc2_lemuel,
          minmay_fractal_squares_gapless_7
Temple:   hellmonk_temple_divided_pantheon

Skill      XL: |  1  2  3  4  5  6  7  8  9 10 |
---------------+-------------------------------+-----
Conjurations   | 2 3 4 5 |  5.4
Spellcasting   | 5 6 7 |  7.9
Invocations    | 1 2 3 4 5 6 |  6.5
Fighting       | 1 2 3 5 |  5.9
Short Blades   | 1 2 3 5 |  5.9
Long Blades    | 1 2 3 5 |  5.9
Axes           | 1 2 3 5 |  5.9
Maces & Flails | 1 2 3 5 |  5.9
Polearms       | 1 2 3 5 |  5.9
Staves         | 1 2 3 5 |  5.9
Ranged Weapons | 1 2 3 5 |  5.9
Throwing       | 1 2 3 5 |  5.9
Armour         | 1 2 3 5 |  5.9
Shields        | 1 2 3 5 |  5.9
Unarmed Combat | 1 2 3 5 |  5.9
Evocations     | 1 2 3 5 |  5.9
Hexes          | 1 2 3 4 |  4.9
Summonings     | 1 2 3 4 |  4.9
Necromancy     | 1 2 3 4 |  4.9
Translocations | 1 2 3 4 |  4.9
Transmutations | 1 2 3 4 |  4.9
Ice Magic      | 1 2 3 4 |  4.9
Air Magic      | 1 2 3 4 |  4.9
Earth Magic    | 1 2 3 4 |  4.9
Poison Magic   | 1 2 3 4 |  4.9
Dodging        | 5 6 7 |  7.6
Stealth        | 5 6 7 |  7.3
Fire Magic     | 6 7 |  7.4

Action                   |  1- 3 |  4- 6 |  7- 9 | 10-12 || total
-------------------------+-------+-------+-------+-------++-------
Melee: Unarmed           |    12 |    13 |     7 |       ||    32
       Bite              |     4 |     1 |     4 |     6 ||    15
       Flail             |       |       |     8 |       ||     8
       Broad axe         |       |       |     2 |    44 ||    46
 Cast: Foxfire           |    72 |    86 |   129 |   150 ||   437
       Scorch            |     4 |     9 |    36 |    34 ||    83
       Inner Flame       |       |       |     3 |     1 ||     4
       Kindle Blastspark |       |       |     1 |     3 ||     4
Evoke: Wand              |       |     1 |     5 |     4 ||    10
  Use: Potion            |     1 |     1 |     1 |     4 ||     7
       Scroll            |       |       |     9 |     9 ||    18
 Stab: Invisible         |       |     1 |       |       ||     1
       Sleeping          |       |       |       |     4 ||     4
Armor: Robe              |     6 |     1 |     1 |    11 ||    19
Dodge: Dodged            |    36 |    21 |    23 |    31 ||   111
Block: Buckler           |     3 |    17 |    30 |    40 ||    90
       Reflection        |       |     2 |     2 |     1 ||     5

Table legend: (Time is in decaauts)
 A = Elapsed time spent in this place.
 B = Non-inter-level travel time spent in this place.
 C = Inter-level travel time spent in this place.
 D = Time resting spent in this place.
 E = Time spent auto-exploring this place.
 F = Levels seen in this place.
 G = Mean time per level.
                   A        B        C        D        E       F      G
               +--------+--------+--------+--------+--------+-----+--------+
         Total |   9286 |   8984 |    302 |    870 |   6274 |  10 |  928.6 |
       Dungeon |   9233 |   8931 |    302 |    870 |   6268 |   9 | 1025.9 |
        Temple |     52 |     52 |      0 |      0 |      6 |   1 |   52.0 |
               +--------+--------+--------+--------+--------+-----+--------+

Top non-repeatable levels by time:
     D:6: 1424 daAuts
     D:7: 1323 daAuts
     D:5: 1160 daAuts
     D:2: 1132 daAuts
     D:1: 1057 daAuts
     D:9: 904 daAuts
     D:3: 762 daAuts
     D:4: 736 daAuts
     D:8: 732 daAuts
  Temple: 52 daAuts
